 Dungeon Crawl Stone Soup version 0.30.1-4-g462c640d31 (webtiles) character file.

Game seed: 10482081356559713680

63 jesahg the Cudgeller (level 3, -8/54 (55) HPs)
             Began as a Troll Berserker on Sept 13, 2023.
             Was a Follower of Trog.
             Mangled by Crazy Yiuf
             ... wielding a +2 quarterstaff of chaos
              (13 damage)
             ... on level 3 of the Dungeon.
             The game lasted 00:07:24 (786 turns).

jesahg the Cudgeller (Troll Berserker)               Turns: 786, Time: 00:07:25

HP:   -8/54 (55)    AC:  4    Str: 33    XL:     3   Next: 87%
MP:   0/2           EV: 10    Int:  3    God:    Trog [*.....]
Gold: 30            SH:  0    Dex:  9    Spells: 2/2 levels left

rFire   . . .        a - +0 mace
rCold   . . .        (no shield)
rNeg    . . .        b - +0 animal skin
rPois   .            (helmet restricted)
rElec   .            (no cloak)
rCorr   .            (gloves unavailable)
SInv    .            (boots unavailable)
Will    .....        (no amulet) Stlth
                     j - +4 ring of slaying
HPRegen 1.09/turn    l - +6 ring of strength
MPRegen 0.08/turn

%: no passive effects
@: berserking, hasted, lightly drained, very quick
A: large, unfitting armour, claws 3, regeneration 1, shaggy fur 1, tough skin 1
a: Renounce Religion, Berserk


You were on level 3 of the Dungeon.
You worshipped Trog.
Trog was aware of your devotion.
You visited 1 branch of the dungeon, and saw 4 of its levels.

You collected 30 gold pieces.

Inventory:

Hand Weapons
 a - a +0 mace (weapon)
Missiles
 e - 5 stones (quivered)
Armour
 b - a +0 animal skin (worn)
Jewellery
 j - a +4 ring of slaying (left claw)
 l - a +6 ring of strength (right claw)
Scrolls
 c - a scroll of identify {unknown}
 f - a scroll of amnesia {unknown}
 h - a scroll of enchant weapon {unknown}
 k - a scroll of magic mapping {unknown}
Potions
 d - a potion of lignification {unknown}
 g - a potion of mutation {unknown}
 i - a potion of curing {unknown}


   Skills:
 + Level 3.0 Fighting
 * Level 3.9 Maces & Flails
 - Level 2.4 Dodging


You had 2 spell levels left.
You didn't know any spells.
Your spell library was empty.

Dungeon Overview and Level Annotations

Branches:
Dungeon (4/15)
 Temple: D:4-7

Altars:

Annotations:
D:3 Crazy Yiuf


Innate Abilities, Weirdness & Mutations

You are too large for most types of armour.
You have claws for hands.
Your natural rate of healing is unusually fast.
You are covered in fur. (AC +1)
You have tough skin. (AC +1)


Message History

Found 10 gold pieces.
You now have 30 gold pieces (gained 10).
Found a hammer.
Found a runed translucent door.
Crazy Yiuf shouts!
As you open the door, it creaks loudly!
You closely miss Crazy Yiuf. Crazy Yiuf closely misses you.
You hit Crazy Yiuf.
Crazy Yiuf is lightly wounded.
Crazy Yiuf laughs, "Paint ragdoll infinity!"
Crazy Yiuf hits you with a +2 quarterstaff of chaos!
You feel your power leaking away.
You hit Crazy Yiuf.
Crazy Yiuf is moderately wounded.
Crazy Yiuf closely misses you.
Crazy Yiuf hits you with a +2 quarterstaff of chaos.
You feel yourself speed up.
Unknown command.
You hit Crazy Yiuf.
Crazy Yiuf is heavily wounded.
You hit Crazy Yiuf.
Crazy Yiuf is severely wounded.
Crazy Yiuf says, "Citrus rumpyflump turtle!"
Crazy Yiuf barely misses you.
You hit Crazy Yiuf.
Crazy Yiuf is severely wounded.
Crazy Yiuf hits you with a +2 quarterstaff of chaos!
You feel drained.
* * * LOW HITPOINT WARNING * * *
You barely miss Crazy Yiuf.
Crazy Yiuf is severely wounded.
Crazy Yiuf hits you with a +2 quarterstaff of chaos!
* * * LOW HITPOINT WARNING * * *
A red film seems to cover your vision as you go berserk!
You feel yourself moving faster!
You feel mighty!
You can no longer call upon Trog for regeneration and willpower.
You closely miss Crazy Yiuf.
Crazy Yiuf is severely wounded.
Crazy Yiuf grits, "Snoogle!
Defame aubergine spinner."
Crazy Yiuf hits you with a +2 quarterstaff of chaos!
You die...

#.#....##
#......# #.#....#
######.# #.#....#
#.# #.##.### #.#
#.##.# #.#
#....##♣♣♣♣♣ #.#
###...#..♣.♣♣♣
### ####.#
#.......♣..♣#...#
#....#
#......♣♣♣♣@g...#
##.#### ##..#.♣♣
♣♣#..)# #..######
####♣♣ ###
#.......##
#.........
#..####..#
#..#......
#..#.##..#
#.........
##........


You could see Crazy Yiuf.

Vanquished Creatures
  2 gnolls (D:3)
  2 worms (D:1)
  4 ball pythons
  3 bats
  4 endoplasms (D:1)
  A giant cockroach (D:1)
  4 goblins (D:1)
  2 hobgoblins
  2 jackals (D:1)
  5 kobolds
  4 quokkas
  A frilled lizard (D:3)
34 creatures vanquished.

Notes
Turn   | Place    | Note
-------+----------+-------------------------------------------
     0 | D:1      | jesahg the Troll Berserker began the quest for the Orb.
     0 | D:1      | Reached XP level 1. HP: 22/22 MP: 0/0
   150 | D:1      | Reached XP level 2. HP: 21/29 MP: 1/1
   331 | D:2      | Reached XP level 3. HP: 36/36 MP: 2/2
   667 | D:3      | Reached ** piety under Trog
   773 | D:3      | Found a runed translucent door.
   774 | D:3      | Noticed Crazy Yiuf
   786 | D:3      | Mangled by Crazy Yiuf

Illustrated notes

Levels and vault maps discovered:
D:1:      psy_arrival_dodecagon, layout_loops_ring, st_stairs_2,
          minmay_hedge_maze, grunt_decor_arrowhead, nicolae_wormholes
D:2:      layout_basic, serial_shops, shop,
          dreamdust_ecumenical_altar_hidden_monk_grotto, solitary_fountain
D:3:      layout_loops_cross, mainiacjoe_overflow_big_doors,
          gup_sewer_entry_bowl, uniq_crazy_yiuf_cottage
D:4:      layout_gridville, minmay_temple_entry_gardened_gates, uniq_grinder,
          uniq_eustachio

Skill      XL: |  1  2  3 |
---------------+----------+-----
Maces & Flails | 3 |  3.9
Fighting       | 3 |  3.0
Dodging        | |  2.4

Action                     || total
---------------------------++-------
  Melee: Mace              ||   102
         Punch             ||     1
 Invoke: Berserk           ||     2
 Armour: Animal skin       ||    23
  Dodge: Dodged            ||    50
